 Dungeon Crawl Stone Soup version 0.30-a0-365-ge7f957f1db (webtiles) character file.

Game seed: 1432771955411944573

3978 kae the Transmogrifier (level 10, -1/115 (120) HPs)
             Began as a Pale Draconian Transmuter on Nov 17, 2022.
             Was an Initiate of Ru.
             Slain by a wight
             ... wielding a +1 great sword
              (14 damage)
             ... on level 9 of the Dungeon.
             The game lasted 00:09:09 (9281 turns).

kae the Transmogrifier (Pale Draconian Transmuter)  Turns: 9281, Time: 00:09:10

HP:   -1/115 (120)  AC: 25    Str: 13    XL:     10   Next: 2%
MP:   21/21         EV:  2    Int: 23    God:    Ru [......]
Gold: 497           SH:  0    Dex: 12    Spells: 11/21 levels left

rFire   . . .      SeeInvis .      - Unarmed
rCold   . . .      Faith    .    (no shield)
rNeg    . . .      Spirit   .    (body armour unavailable)
rPois   +          Reflect  .    (helmet currently unavailable)
rElec   .          Harm     .    (cloak currently unavailable)
rCorr   .          Rampage  .    (gloves currently unavailable)
Will    ++...      NoTele   +    (boots currently unavailable)
Stlth   +.........               (no amulet)
HPRegen 0.39/turn                I - +6 ring of intelligence
MPRegen 0.17/turn                Z - ring of wizardry

@: mighty, tree-form, hasted, lightly drained, very quick
A: stationary, stasis, torment immunity, boosted hp, (breathe steam), AC +7,
unfitting armour, (cold-blooded), (steam resistance), (big wings), high MP 1,
strong-willed 2
a: Renounce Religion


You were on level 9 of the Dungeon.
You worshipped Ru.
Ru was noncommittal.
You were a tree.
You visited 2 branches of the dungeon, and saw 10 of its levels.

You collected 497 gold pieces.


Innate Abilities, Weirdness & Mutations

You are a tree.
Your roots penetrate the ground, keeping you stationary.
You cannot be teleported.
You are immune to unholy pain and torment.
Your maximum health is greatly increased.
Your equipment is partially melded.
((You can breathe blasts of scalding, opaque steam.))
((Your pale cyan-grey scales are hard. (AC +7)))
You cannot fit into any form of body armour.
((You are cold-blooded and may be slowed by cold attacks.))
((You are immune to the effects of steam.))
((Your large and strong wings let you fly.))
You have an increased reservoir of magic. (+10% MP)
You are highly strong-willed. (Will++)


   Skills:
 + Level 4.7 Fighting
 - Level 1.7 Dodging
 * Level 6.8 Unarmed Combat
 + Level 6.3 Spellcasting
 * Level 9.7 Transmutations
 - Level 4.0 Ice Magic
 - Level 1.3 Poison Magic


You had 11 spell levels left.
You knew the following spells:

 Your Spells              Type           Power      Damage    Failure   Level
a - Beastly Appendage     Tmut           100%       N/A       1%          1
b - Wereblood             Tmut           51%        N/A       1%          2
c - Spider Form           Tmut/Pois      32%        N/A       1%          3
d - Ice Form              Ice/Tmut       38%        N/A       1%          4

Your spell library contained the following spells:

 Spells                   Type           Power      Damage    Failure   Level
 Ozocubu's Armour         Ice            25%        N/A       1%          3
 Summon Small Mammal      Summ           28%        N/A       3%          1
 Blink                    Tloc           14%        N/A       5%          2
 Call Canine Familiar     Summ           7%         N/A       11%         3
 Summon Guardian Golem    Hex/Summ       7%         N/A       11%         3
 Manifold Assault         Tloc           7%         N/A       32%         4
 Storm Form               Tmut/Air       14%        N/A       97%         7
 Ozocubu's Refrigeration  Ice            12%        4d10      99%         7

Inventory:

Missiles
 c - 84 stones
 n - 14 poisoned darts
 t - 8 boomerangs
Magical Staves
 e - a staff of earth {!a}
   (You found it on level 1 of the Dungeon)
Jewellery
 v - an amulet of reflection
   (You found it on level 7 of the Dungeon)
 w - the ring "Olom Mes" {Fire rPois rN+}
   (You found it on level 8 of the Dungeon)

   [ring of fire]

   It enhances your fire magic.
   rF:        It protects you from fire.
   rC:        It makes you vulnerable to cold.
   rPois:     It protects you from poison.
   rN:        It protects you from negative energy.
 F - a ring of fire
   (You found it on level 6 of the Dungeon)
 I - a +6 ring of intelligence (left branch)
   (You found it on level 7 of the Dungeon)
 Z - a ring of wizardry (right branch)
   (You found it on level 4 of the Dungeon)
Wands
 l - a wand of flame (33)
   (You took it off Dowan on level 5 of the Dungeon)
 p - a wand of roots (8)
   (You found it on level 7 of the Dungeon)
 s - a wand of charming (8)
   (You found it on level 7 of the Dungeon)
 u - a wand of mindburst (16)
   (You found it on level 7 of the Dungeon)
Scrolls
 j - a scroll of vulnerability {!r!r}
 k - a scroll of poison {!r}
 m - a scroll of amnesia
 o - 3 scrolls of identify {@r1}
 r - a scroll of teleportation {@r4}
Potions
 a - 2 potions of lignification {!q}
 b - a potion of brilliance
 d - a potion of might
 f - a potion of magic
 g - a potion of attraction {!q}
 i - 4 potions of mutation {!q}
 q - 2 potions of curing {@q1}

Dungeon Overview and Level Annotations

Branches:
Dungeon (9/15) Zot: 26935  Temple (1/1) D:4 Zot: 5799
   Lair: D:8-11         Orc: D:9-12

Altars:
Ashenzari
Cheibriados
Dithmenos
Elyvilon
Fedhas
Gozag
Hepliaklqana
Kikubaaqudgha
Makhleb
Nemelex Xobeh
Okawaru
Qazlal
Ru
Sif Muna
Trog
Uskayaw
Vehumet
Wu Jian
Xom
Yredelemnul
Zin
The Shining One

Annotations:
D:8 exclusion: 3 lindwurms

#......).?..###....
#............ .
#............
..###............
..................
................#
.........<.<....#
.........DFz....##
.........zā™£)......
...###............
... #............
#............
.......###....
........# ....
........# ...
......... .#


You could see an acid dragon, a bullfrog and 2 wights.


Message History

šŸ˜Ø HP[-23]
You now have 82 max hp (-4).
You take 23 damage, and now have 37/82 hp.
MASSIVE DAMAGE!! (PAUSE)
Okay, then.
The wight attacks as you move away! The wight barely misses you.
The centaur shoots an arrow.
The arrow closely misses you.
The centaur shoots an arrow.
The arrow hits you!
* * * LOW HITPOINT WARNING * * *
šŸ˜Ø HP[-10]
You take 10 damage, and now have 27/82 hp. šŸ˜Ø HP[+1]
The wight attacks as you move away! The wight hits you with a +6 falchion!
* * * LOW HITPOINT WARNING * * *
You feel drained.
* * * LOW HITPOINT WARNING * * *
There is a stone staircase leading up here. šŸ˜± HP[-8]
You now have 80 max hp (-2).
You take 8 damage, and now have 20/80 hp.
The wight attacks as you move away! The wight closely misses you.
You can't go up here!
Unknown command.
The centaur attacks as you move away!
The centaur unwields a +0 shortbow.
The centaur hits you but does no damage.
The centaur kicks you but does no damage. šŸ˜Ø HP[+1]
You can't go up here!
Unknown command.
Okay, then.
Okay, then.
Really quaff
a - 3 potions of lignification {!q}?
Really quaff the potion of lignification?
You warm up again.
You turn into a tree.
Your roots penetrate the ground.
The bullfrog hits you but does no damage.
The centaur hits you but does no damage.
The centaur kicks you but does no damage.
The bullfrog hits you but does no damage.
The centaur completely misses you.
The centaur kicks you but does no damage. šŸ˜Ø HP[+5]
You now have 100 max hp (+20).
You regained 5 hp, and now have 26/100 hp.
You smack the wight!
You destroy the wight!
The bullfrog hits you but does no damage.
The centaur hits you but does no damage.
The centaur kicks you but does no damage.
You have reached level 10! šŸ˜Ø HP[+4] MP[+1]
You now have 114 max hp (+14).
You regained 4 hp, and now have 30/114 hp.
Your mp is fully restored (21).
You feel yourself speed up. The bullfrog hits you.
* * * LOW HITPOINT WARNING * * *
The wight hits you with a +1 great sword!
* * * LOW HITPOINT WARNING * * *
The centaur hits you but does no damage.
The centaur kicks you but does no damage.
The wight hits you with a +0 scimitar.
* * * LOW HITPOINT WARNING * * *
The bullfrog barely misses you. šŸ˜± HP[-14]
You take 14 damage, and now have 16/114 hp.
You feel very mighty all of a sudden.
The centaur hits you but does no damage.
The centaur kicks you.
* * * LOW HITPOINT WARNING * * *
The wight hits you with a +1 great sword.
* * * LOW HITPOINT WARNING * * *
The wight hits you but does no damage.
The bullfrog hits you but does no damage. šŸ˜± HP[-6]
You take 6 damage, and now have 10/114 hp.
You feel better.
The centaur hits you but does no damage.
The centaur kicks you but does no damage.
The wight hits you but does no damage. x2
The bullfrog hits you but does no damage. šŸ˜± HP[+12]
You regained 12 hp, and now have 22/114 hp.
You hit the centaur. The centaur completely misses you.
The centaur kicks you but does no damage.
You pummel the centaur!!
You kill the centaur!
The bullfrog hits you.
* * * LOW HITPOINT WARNING * * *
The wight hits you with a +1 great sword.
* * * LOW HITPOINT WARNING * * *
You feel drained.
* * * LOW HITPOINT WARNING * * *
The wight hits you but does no damage. šŸ˜± HP[-9]
You now have 115 max hp (+1).
You take 9 damage, and now have 13/115 hp.
You smack the wight!
The bullfrog hits you but does no damage.
The wight hits you with a +1 great sword!
You die...

Skill      XL: |  1  2  3  4  5  6  7  8  9 |
---------------+----------------------------+-----
Transmutations | 3 4 5 7 8 9 |  9.7
Poison Magic   | 1 |  1.3
Spellcasting   | 3 4 5 6 |  6.3
Ice Magic      | 1 2 3 4 |  4.0
Fighting       | 3 4 |  4.7
Unarmed Combat | 4 6 |  6.8
Dodging        | |  1.7

Action                   |  1- 3 |  4- 6 |  7- 9 | 10-12 || total
-------------------------+-------+-------+-------+-------++-------
Melee: Unarmed           |   123 |   168 |   229 |     3 ||   523
       Kick              |     8 |    13 |       |       ||    21
       Tailslap          |    12 |    12 |     3 |       ||    27
       Headbutt          |     5 |    10 |       |       ||    15
       Punch             |     1 |     1 |       |       ||     2
 Cast: Beastly Appendage |    11 |    12 |     1 |       ||    24
       Wereblood         |     1 |     3 |       |       ||     4
       Spider Form       |     2 |    11 |     1 |       ||    14
       Ice Form          |       |     1 |    31 |       ||    32
  Use: Scroll            |     1 |     4 |     9 |       ||    14
       Potion            |       |     5 |     1 |     3 ||     9
 Stab: Sleeping          |     2 |       |       |       ||     2
Armor: Skin              |    42 |    46 |    78 |    13 ||   179
Dodge: Dodged            |    91 |   139 |   120 |     2 ||   352

Levels and vault maps discovered:
D:1:      erik_arrival_cave_to_civilisation [erik_arrival_cave_to_hall],
          layout_loops_ring, grunt_decor_mini_mirrors
D:2:      layout_rooms, basic_ecumenical_altar, uniq_terence
D:3:      layout_rooms, mainiacjoe_overflow_concentric_impassable,
          chequers_mini_garden, serial_bayou_pond_e, kennysheep_big_empty_room,
          uniq_robin
D:4:      layout_cave_pools, minmay_temple_entry_large_hall,
          nicolae_underground_beach, uniq_edmund
D:5:      layout_cave_pods, serial_shops, shop, solitary_fountain, uniq_duvessa,
          uniq_sigmund
D:6:      layout_rooms, jmf_multi_god_temple, uniq_menkaure, uniq_maggie,
          uniq_blork_the_orc
D:7:      layout_basic
D:8:      layout_basic, nicolae_ru_the_path_less_chosen, zin_treasury,
          minmay_lindwurm_lava
D:9:      layout_big_octagon, uniq_amaemon
Temple:   bh_familiar_temple

Notes
Turn   | Place    | Note
-------+----------+-------------------------------------------
     0 | D:1      | kae the Draconian Transmuter began the quest for the Orb.
     0 | D:1      | Reached XP level 1. HP: 16/16 MP: 3/3
     0 | D:1      | magus.rc [v1.11.3]
    52 | D:1      | Reached XP level 2. HP: 11/23 MP: 3/5
   219 | D:1      | Learned a level 2 spell: Wereblood
   469 | D:1      | Reached skill level 3 in Transmutations
   913 | D:1      | Reached XP level 3. HP: 28/28 MP: 4/6
   917 | D:1      | Learned a level 3 spell: Spider Form
  1057 | D:2      | You pick up a book of Callings and begin reading...
  1057 | D:2      | You add the spells Summon Small Mammal, Call Canine
                  | Familiar and Summon Guardian Golem to your library.
  1467 | D:2      | Noticed Terence
  1536 | D:2      | HP: 7/28 [Terence/+3 vorpal trident (3)]
  1538 | D:2      | Killed Terence
  1539 | D:2      | Reached XP level 4. HP: 9/35 MP: 4/8
  1679 | D:2      | Found a faded altar of an unknown god.
  1832 | D:3      | Noticed Robin
  1885 | D:3      | HP: 1/35 [Robin/+0 trident (9)]
  1891 | D:3      | Killed Robin
  1891 | D:3      | HP: 5/52 [goblin/+0 club[Robin] (4)]
  1892 | D:3      | Reached skill level 4 in Transmutations
  1892 | D:3      | Reached skill level 1 in Poison Magic
  2098 | D:3      | Reached skill level 3 in Spellcasting
  2319 | D:3      | Reached XP level 5. HP: 28/40 MP: 9/9
  2373 | D:3      | Found a burning altar of Makhleb.
  2550 | D:3      | Learned a level 4 spell: Ice Form
  2853 | D:4      | HP: 9/40 [scorpion (6)]
  2855 | D:4      | Reached skill level 1 in Ice Magic
  2855 | D:4      | HP: 2/40 [poisoned by a scorpion]
  2856 | D:4      | Gained mutation: You are strong-willed. (Will+) [potion of
                  | mutation]
  2856 | D:4      | Gained mutation: You are highly strong-willed. (Will++)
                  | [potion of mutation]
  2856 | D:4      | Gained mutation: You have hidden genetic potential. [potion
                  | of mutation]
  2997 | D:4      | Found a staircase to the Ecumenical Temple.
  3005 | D:4      | Reached skill level 5 in Transmutations
  3005 | D:4      | Reached XP level 6. HP: 43/47 MP: 7/11
  3015 | Temple   | Entered the Ecumenical Temple
  3311 | D:4      | HP: 9/47 [acid (3)]
  3463 | D:4      | Noticed Edmund
  3478 | D:4      | Killed Edmund
  3479 | D:4      | Reached skill level 2 in Ice Magic
  3508 | D:4      | Gained mutation: Your large and strong wings let you fly.
                  | [hidden potential]
  3870 | D:5      | Entered Level 5 of the Dungeon
  3889 | D:5      | Reached skill level 4 in Spellcasting
  3889 | D:5      | Your scales start taking on a pale cyan-grey colour.
  3889 | D:5      | Reached XP level 7. HP: 26/52 MP: 8/13
  3889 | D:5      | Gained mutation: You are immune to the effects of steam.
                  | [Pale Draconian growth]
  4158 | D:5      | You add the spells Ozocubu's Armour and Ozocubu's
                  | Refrigeration to your library.
  4192 | D:5      | Noticed Dowan
  4455 | D:5      | Reached skill level 6 in Transmutations
  4584 | D:5      | Noticed Duvessa
  4610 | D:5      | Killed Duvessa
  4611 | D:5      | Reached skill level 3 in Ice Magic
  4619 | D:4      | Gained mutation: You have an increased reservoir of magic.
                  | (+10% MP) [hidden potential]
  4619 | D:4      | Lost mutation: You have hidden genetic potential. [hidden
                  | potential expressed]
  4673 | D:5      | HP: 11/62 [Dowan/puff of flame (16)]
  4674 | D:5      | Killed Dowan
  4947 | D:5      | You add the spells Blink, Manifold Assault and Storm Form
                  | to your library.
  5040 | D:5      | Noticed Sigmund
  5047 | D:5      | Killed Sigmund
  5048 | D:5      | Reached skill level 7 in Transmutations
  5048 | D:5      | Reached XP level 8. HP: 59/59 MP: 11/16
  5104 | D:5      | Found Zymuk's Armour Boutique.
  5434 | D:5      | Reached skill level 5 in Spellcasting
  5434 | D:5      | Reached skill level 4 in Ice Magic
  5570 | D:6      | Noticed Menkaure
  5577 | D:6      | Killed Menkaure
  5643 | D:6      | Noticed Blork the orc
  5654 | D:6      | Reached skill level 2 in Fighting
  5664 | D:6      | Killed Blork the orc
  5665 | D:6      | Reached skill level 4 in Unarmed Combat
  5668 | D:6      | Reached skill level 8 in Transmutations
  6024 | D:6      | Found an iron altar of Okawaru.
  6024 | D:6      | Found an ornate altar of the Wu Jian Council.
  6236 | D:6      | Noticed Maggie
  6247 | D:6      | Killed Maggie
  6248 | D:6      | Reached skill level 3 in Fighting
  6248 | D:6      | Reached XP level 9. HP: 25/69 MP: 14/18
  6425 | D:6      | Reached skill level 5 in Unarmed Combat
  7236 | D:7      | Reached skill level 9 in Transmutations
  7237 | D:7      | Reached skill level 4 in Fighting
  7567 | D:8      | Reached skill level 6 in Unarmed Combat
  7641 | D:8      | Reached skill level 6 in Spellcasting
  7644 | D:8      | HP: 21/85 [killer bee (8)]
  7857 | D:8      | Noticed a lindwurm
  8188 | D:8      | Identified the ring "Olom Mes" {Fire rPois rN+}
  8483 | D:8      | Found a glowing silver altar of Zin.
  8551 | D:8      | Noticed a lindwurm
  9049 | D:8      | Found a sacrificial altar of Ru.
  9152 | D:8      | Became a worshipper of Ru the Awakened
  9271 | D:9      | HP: 20/80 [wight/+6 falchion (1)]
  9276 | D:9      | Reached XP level 10. HP: 30/76 MP: 21/21
  9276 | D:9      | HP: 21/114 [wight/+1 great sword (8)]
  9277 | D:9      | HP: 10/114 [wight/+1 great sword (4)]
  9281 | D:9      | Slain by a wight

Vanquished Creatures
  Maggie (D:6)
  Sigmund (D:5)
  2 wyverns
  2 steam dragons (D:7)
  Edmund (D:4)
  Menkaure (D:6)
  A water moccasin (D:6)
  Duvessa (D:5)
  A sky beast (D:8)
  An ice beast (D:7)
  3 black bears
  2 orc warriors
  3 centaurs
  An ogre (D:5)
  A kobold brigand (D:8)
  3 bullfrogs
  Blork the orc (D:6)
  2 necrophages
  3 scorpions
  2 wights (D:9)
  Dowan (D:5)
  3 killer bees (D:8)
  3 jellies
  2 orc priests (D:8)
  4 hounds
  Terence (D:2)
  5 iguanas
  3 orc wizards
  Robin (D:3)
  6 adders
  4 worms
  2 dart slugs
  15 orcs
  3 endoplasms
  4 giant cockroaches
  23 goblins
  5 hobgoblins
  3 jackals (D:1)
  15 kobolds
  A quokka (D:4)
  7 ball pythons
  7 bats
  A frilled lizard (D:1)
  3 rats
155 creatures vanquished.

Table legend:
 A = Non-vault XP
 B = Vault XP
 C = Vault XP percentage of total XP
 D = Non-vault monster count
 E = Vault monster count
 F = Vault count percentage of total count
                 A         B        C        D         E       F
            +---------+---------+-------+---------+---------+-------
      Total |    4302 |    1382 |  24.3 |     130 |      25 |  16.1
            +---------+---------+-------+---------+---------+-------
        D:1 |      38 |       5 |  11.6 |      23 |       2 |   8.0
        D:2 |      35 |      36 |  50.7 |      15 |       1 |   6.2
        D:3 |      87 |      39 |  31.0 |      18 |      13 |  41.9
        D:4 |     293 |     158 |  35.0 |      15 |       1 |   6.2
        D:5 |     732 |     432 |  37.1 |      11 |       3 |  21.4
        D:6 |     619 |     712 |  53.5 |      10 |       5 |  33.3
        D:7 |    1061 |       0 |   0.0 |      10 |       0 |   0.0
        D:8 |     963 |       0 |   0.0 |      24 |       0 |   0.0
        D:9 |     474 |       0 |   0.0 |       4 |       0 |   0.0
            +---------+---------+-------+---------+---------+-------

Illustrated notes

Table legend:
 A = Kills in this place as a percentage of kills in entire the game.
 B = Kills by you in this place as a percentage of kills by you in the entire game.
 C = Kills by friends in this place as a percentage of kills by friends in the entire game.
 D = Other kills in this place as a percentage of other kills in the entire game.
 E = Experience gained in this place as a percentage of experience gained in the entire game.
 F = Experience gained in this place divided by the number of levels of this place that you have seen.
                   A       B       C       D       E      F
               +-------+-------+-------+-------+-------+----------------------
         Total | 100.0 | 100.0 |   N/A |   N/A | 100.0 | 568.4
       Dungeon | 100.0 | 100.0 |   N/A |   N/A | 100.0 | 631.6
               +-------+-------+-------+-------+-------+----------------------

Table legend: (Time is in decaauts)
 A = Elapsed time spent in this place.
 B = Non-inter-level travel time spent in this place.
 C = Inter-level travel time spent in this place.
 D = Time resting spent in this place.
 E = Time spent auto-exploring this place.
 F = Levels seen in this place.
 G = Mean time per level.
                   A        B        C        D        E       F      G
               +--------+--------+--------+--------+--------+-----+--------+
         Total |   9253 |   8850 |    403 |    523 |   7045 |  10 |  925.3 |
       Dungeon |   9052 |   8682 |    370 |    523 |   6882 |   9 | 1005.8 |
        Temple |    200 |    167 |     33 |      0 |    163 |   1 |  200.0 |
               +--------+--------+--------+--------+--------+-----+--------+

Top non-repeatable levels by time:
     D:8: 1728 daAuts
     D:5: 1640 daAuts
     D:3: 1175 daAuts
     D:6: 1093 daAuts
     D:1: 1041 daAuts
     D:7: 816 daAuts
     D:4: 797 daAuts
     D:2: 695 daAuts
  Temple: 200 daAuts
     D:9: 64 daAuts
